Map: Amphion LE

Players

SneakersOn

  • Race: Terran Terran
  • League: Diamond
  • Spawn Location: 11:00

Nyck - Winner!

  • Race: Terran Terran
  • Spawn Location: 7:00

VOD

Have the link to the VOD?

Description

Time

  • Played on: Oct. 9, 2024, 3:37 p.m.
  • Length: 17:15
Show
View Real Time Build Order
Export as new Build Order

SneakersOn Terran 

Build Orders:  

Get SALT Encoding   

  12  0:00  SCV  
  13  0:12  SCV  
  14  0:18  Supply Depot  
  14  0:24  SCV  
  15  0:40  SCV  
  15  0:41  Barracks  
  16  0:46  Refinery  
  16  0:52  SCV  
  17  1:04  SCV  
  18  1:16  SCV  
  19  1:29  Orbital Command  
  19  1:30  Barracks Reactor  
  19  1:47  Command Center  
  19  1:55  SCV  
  20  2:02  Supply Depot  
  20  2:05  Marine  
  20  2:06  Marine  
  20  2:08  SCV  
  23  2:21  Factory  
  23  2:23  SCV  
  23  2:28  Marine  
  23  2:29  Marine  
  26  2:35  SCV  
  27  2:37  Refinery  
  27  2:47  SCV  
  27  2:49  Marine x2  
  29  2:59  SCV  
  30  3:10  Factory Tech Lab  
  30  3:11  SCV  
  30  3:12  Starport  
  31  3:17  Bunker  
  31  3:18  Marine x2  
  33  3:24  SCV  
  34  3:32  Orbital Command  
  34  3:34  Cyclone  
  34  3:40  SCV, Marine  
  38  3:44  Marine  
  39  3:52  SCV, Viking  
  42  4:03  Marine  
  42  4:04  SCV, Marine  
  42  4:05  Supply Depot  
  45  4:13  Supply Depot, SCV  
  46  4:27  SCV x2  
  46  4:29  Supply Depot  
  46  4:31  Marine x2  
  48  4:32  Starport Reactor  
  50  4:39  SCV x2  
  52  4:51  Supply Depot, SCV x2  
  54  4:55  Marine  
  54  4:56  Marine  
  56  5:01  Barracks  
  56  5:02  Barracks  
  56  5:03  SCV x2  
  58  5:09  Barracks  
  58  5:10  Barracks  
  58  5:15  SCV x2  
  58  5:16  Refinery  
  58  5:17  Refinery  
  58  5:20  Viking  
  62  5:24  Viking  
  62  5:25  Marine  
  62  5:26  Marine  
  66  5:34  SCV, Engineering Bay  
  66  5:35  SCV  
  68  5:42  Marine  
  68  5:46  SCV  
  70  5:54  SCV  
  70  5:56  Barracks Tech Lab x2, Barracks Reactor  
  71  5:57  Barracks Reactor  
  71  5:58  Siege Tank  
  71  5:59  SCV, Medivac  
  71  6:02  Missile Turret  
  77  6:06  SCV  
  74  6:11  Supply Depot  
  74  6:12  Supply Depot  
  74  6:13  Terran Infantry Weapons Level 1  
  74  6:14  Missile Turret  
  74  6:17  Missile Turret  
  69  6:23  Marine x2  
  69  6:25  Stimpack  
  71  6:34  Viking  
  71  6:38  SCV x2  
  75  6:41  Supply Depot  
  75  6:50  SCV  
  75  6:52  Marine x6  
  84  6:54  Marauder  
  84  6:59  Marauder  
  86  7:06  Supply Depot  
  86  7:13  Missile Turret  
  86  7:14  Marine  
  86  7:15  Marine x5  
  91  7:17  Marauder  
  96  7:23  Marauder  
  96  7:24  Siege Tank  
  96  7:25  Medivac  
  101  7:31  Medivac  
  101  7:34  Marine x2  
  101  7:35  Marine x3  
  101  7:36  Marine  
  109  7:50  Supply Depot  
  109  7:51  Supply Depot  
  109  8:11  Cyclone, Medivac  
  109  8:12  Marauder x2  
  117  8:14  Terran Infantry Armor Level 1  
  117  8:16  Combat Shield, Concussive Shells  
  117  8:20  Marine x2  
  117  8:21  Marine x4  
  123  8:31  Viking  
  125  8:38  Supply Depot  
  125  8:39  Supply Depot  
  125  8:40  Marine  
  126  9:00  Siege Tank, Marine x3, Medivac  
  126  9:01  Marine x3, Marauder x2  
  141  9:12  Supply Depot  
  141  9:14  Supply Depot  
  141  9:17  Marine  
  142  9:33  Siege Tank, Marine x2  
  142  9:34  Marauder  
  142  9:36  Supply Depot, Marine, Marauder  
  142  9:37  Supply Depot, Marine  
  153  9:44  Marine x2  
  155  9:50  Viking  
  157  9:58  Marauder x2  
  157  9:59  Marine x3  
  163  10:05  Siege Tank  
  163  10:06  Supply Depot  
  167  10:19  Marauder  
  161  10:48  Marine x6  
  161  10:49  Siege Tank, Marauder x2, Medivac x2  
  145  11:07  Marine x4  
  145  11:08  Marine x2  
  145  11:10  Marauder  
  145  11:11  Marauder  
  149  11:19  Viking  
  149  11:25  Marine x3  
  153  11:32  Marauder x2  
  154  11:34  Marine x3  
  151  11:43  Marine x3  
  145  11:52  Marine x3  
  145  11:53  Marauder x2  
  142  12:00  Marine  
  142  12:01  Marine x2  
  127  12:10  Marine x3  
  127  12:14  Marine  
  127  12:15  Marauder  
  129  12:18  Marine x3  
  130  12:28  Marine x3  
  133  12:32  Marine  
  133  12:35  Marine  
  133  12:36  Marine x3  
  127  12:37  Viking  
  108  12:45  Marine x2  
  108  12:46  Marine  
  108  12:50  Marine  
  102  12:53  Marine  
  101  13:18  Marine x3  
  101  13:19  Command Center  
  104  13:25  Missile Turret  
  104  13:32  Marine x3  
  107  13:34  Missile Turret  
  107  13:38  Supply Depot  
  107  13:41  Marine  
  107  13:42  Supply Depot, Marine  
  109  13:52  Marine x3  
  109  13:53  Marine x2  
  114  13:55  Viking  
  114  14:02  Marine x2  
  116  14:03  Marine, Viking  
  116  14:08  Armory  
  121  14:10  Marine  
  122  14:23  Marine x2  
  122  14:24  Marine x3  
  125  14:26  Refinery  
  127  14:32  Refinery  
  127  14:33  Marine x3  
  130  14:41  Marine x2  
  132  14:49  Marine x3, Engineering Bay  
  132  14:50  Viking  
  137  15:01  Orbital Command  
  137  15:10  Marine  
  137  15:11  Marine x5  
  143  15:21  Marine  
  144  15:45  Command Center  
  144  15:52  Marine x2  
  144  15:53  Marine  
  146  16:10  Marine, Viking  
  149  16:15  Marine  
  149  16:28  Marine  
  149  16:31  Missile Turret x2  
  149  16:33  Marine  
  149  16:34  Missile Turret  
  149  16:36  Missile Turret  
  149  16:37  Missile Turret  
  150  16:42  Missile Turret  
  150  16:46  Marine  
  151  16:51  Marine  
Show
View Real Time Build Order
Export as new Build Order

Nyck Terran - Winner!

Build Orders:  

Get SALT Encoding   

  12  0:00  SCV  
  13  0:12  SCV  
  14  0:19  Supply Depot  
  14  0:24  SCV  
  15  0:41  SCV  
  16  0:43  Barracks  
  16  0:50  Refinery  
  16  0:53  SCV  
  16  0:56  Refinery  
  17  1:06  SCV  
  19  1:18  SCV  
  19  1:30  SCV, Reaper  
  19  1:31  Supply Depot  
  21  1:42  SCV  
  22  1:50  Factory  
  22  1:55  Orbital Command  
  22  2:03  Marine  
  23  2:21  SCV  
  24  2:33  SCV  
  24  2:37  Starport, Factory Tech Lab  
  25  2:45  SCV  
  25  2:51  Command Center  
  26  2:57  SCV  
  27  3:10  SCV  
  28  3:19  Factory Reactor  
  28  3:20  Fusion Core  
  28  3:22  SCV  
  29  3:34  Supply Depot  
  29  3:36  SCV  
  30  3:48  SCV  
  31  3:57  Supply Depot  
  30  4:16  Command Center  
  30  4:18  Battlecruiser  
  36  4:35  SCV  
  36  4:36  Orbital Command  
  37  4:42  Refinery  
  37  4:44  Refinery  
  37  4:53  Starport  
  37  4:56  SCV  
  38  5:05  SCV  
  39  5:08  SCV  
  40  5:18  SCV  
  40  5:20  SCV  
  42  5:27  Battlecruiser  
  48  5:30  SCV  
  48  5:32  Starport Tech Lab  
  48  5:33  SCV  
  48  5:34  Engineering Bay  
  51  5:42  SCV  
  51  5:45  SCV  
  52  6:01  SCV x2  
  48  6:35  Battlecruiser  
  48  6:37  Battlecruiser  
  60  6:40  Starport  
  60  6:44  Armory  
  60  6:45  SCV x2  
  60  6:47  Armory  
  62  6:54  Orbital Command  
  62  6:57  SCV  
  62  6:58  SCV  
  64  7:10  SCV x2  
  66  7:20  Refinery  
  66  7:21  SCV  
  66  7:22  SCV x2  
  69  7:25  Refinery  
  69  7:27  Starport Tech Lab  
  69  7:29  Starport  
  69  7:32  Weapon Refit  
  69  7:33  SCV  
  69  7:34  SCV x2  
  72  7:40  Factory  
  74  7:44  Hellion x2  
  74  7:45  SCV  
  77  7:53  SCV  
  77  7:54  Supply Depot  
  77  7:55  Supply Depot, Terran Vehicle And Ship Armor Level 1  
  77  7:57  Terran Ship Weapons Level 1  
  78  8:01  SCV x2  
  78  8:05  SCV  
  81  8:06  Starport  
  81  8:13  SCV x2  
  81  8:17  Supply Depot, SCV  
  81  8:19  Supply Depot, Starport Tech Lab  
  84  8:23  Hellion  
  84  8:24  Hellion  
  84  8:25  Factory Reactor  
  88  8:28  SCV x2  
  88  8:29  SCV  
  88  8:31  Battlecruiser  
  97  8:34  Marine  
  97  8:40  SCV  
  99  8:43  Starport Tech Lab  
  99  8:45  Hellion x2  
  103  8:54  SCV x3  
  106  9:02  Battlecruiser  
  112  9:07  Command Center  
  112  9:13  SCV  
  112  9:14  SCV x2  
  115  9:37  SCV x2  
  117  9:42  SCV  
  117  9:43  Supply Depot  
  118  9:50  Terran Vehicle And Ship Armor Level 2  
  118  9:54  Battlecruiser x2  
  118  9:57  Command Center  
  130  10:05  Hellion x4  
  130  10:06  Supply Depot  
  138  10:14  SCV  
  138  10:15  SCV x2  
  141  10:28  Supply Depot  
  94  10:51  Supply Depot  
  54  11:14  Supply Depot  
  40  12:09  Battlecruiser x4  
  56  13:01  Terran Vehicle And Ship Armor Level 3  
  56  13:15  SCV  
  57  13:22  Refinery  
  57  13:24  Starport Tech Lab x4  
  57  13:25  Starport Tech Lab  
  57  13:27  SCV  
  58  13:39  SCV  
  59  13:44  Terran Ship Weapons Level 2  
  59  13:48  SCV  
  60  13:51  SCV  
  60  13:54  Refinery  
  61  14:00  SCV  
  61  14:02  Barracks  
  62  14:03  SCV  
  63  14:12  SCV  
  63  14:15  SCV  
  65  14:22  Command Center  
  65  14:24  SCV  
  65  14:27  SCV  
  67  14:36  SCV  
  68  14:41  Command Center  
  68  14:47  SCV  
  68  14:48  SCV  
  71  15:00  SCV  
  71  15:01  Supply Depot, Orbital Command  
  71  15:05  Battlecruiser  
  77  15:12  SCV  
  78  15:25  SCV  
  79  15:30  SCV  
  80  15:37  SCV  
  80  15:42  SCV  
  82  15:49  SCV  
  83  15:51  Refinery  
  83  15:52  Refinery  
Tags
 
League
Diamond
Matchup
TvT
Race
Terran
Replay Pack
up to 2025-04-19
Spawn Locations
Close Positions
Add a new tag
Caveats
  • Supply blocks, unpowered buildings, or Contaminate may cause inaccurate times.
  • Supply counts are checked every 10 seconds.